[Event "Titled Tuesday Blitz April 25 Late 2023"]
[White "Averjanov, Alexey"]
[Black "Bryant, Todd"]
[WhiteFideId "14109867"]
[BlackFideId "2031299"]
[WhiteElo "2399"]
[BlackElo "2075"]
[Result "1-0"]
[Round "02"]
[TimeControl "180+2"]
[Date "2023.04.25"]
[WhiteClock "0:00:57"]
[BlackClock "0:00:03"]

1. d4 Nf6 2. c4 g6 3. Nc3 Bg7 4. e4 d6 5. Be2 O-O 6. Nf3 e5 7. O-O Nc6 8. d5 Ne7 9. Ne1 Nd7 10. Be3 f5 11. f3 f4 12. Bf2 g5 13. a4 a5 14. Nd3 Nf6 15. c5 Rf7 16. cxd6 cxd6 17. Rc1 Ng6 18. Nb5 Ne8 19. Qd2 h5 20. b4 g4 21. Kh1 g3 22. Bg1 h4 23. Rc2 h3 24. Ne1 Bf8 25. bxa5 Rh7 26. Bd1 hxg2+ 27. Nxg2 Bh3 28. Re1 Nh4 29. Nxh4 Qxh4 30. Re2 Kh8 31. Qb4 Nf6 32. Rg2 Bxg2+ 33. Rxg2 Re8 34. Be2 Ree7 35. Qxd6 Reg7 36. Qxf8+ Rg8 37. Qd6 gxh2 38. Bf2 Rxg2 39. Qd8+ Kg7 40. Qe7+ Kg6 41. Bxh4 Rxe2 42. Qxf6+ Kh5 43. Qg5# 1-0


[Site "https://www.chess.com"]

[Event "Titled Tuesday Blitz April 25 Late 2023"]
[White "Eidelman, Gabriel"]
[Black "Koellner, Ruben Gideon"]
[WhiteFideId "30910544"]
[BlackFideId "12993093"]
[WhiteElo "2209"]
[BlackElo "2314"]
[Result "0-1"]
[Round "02"]
[TimeControl "180+2"]
[Date "2023.04.25"]
[WhiteClock "0:00:03"]
[BlackClock "0:00:44"]

1. e4 d6 2. Nc3 Nf6 3. d4 e5 4. dxe5 dxe5 5. Qxd8+ Kxd8 6. Bg5 Be6 7. O-O-O+ Nd7 8. Nf3 Bd6 9. Bxf6+ gxf6 10. Nh4 Nb6 11. Nd5 Nxd5 12. exd5 Bd7 13. Bd3 Bc5 14. f3 h6 15. g4 h5 16. h3 a6 17. Kd2 c6 18. dxc6 Bxc6 19. Be4 Bxe4 20. fxe4 Kc7 21. Rdf1 Rag8 22. Rxf6 hxg4 23. Rxf7+ Kb8 24. Nf5 gxh3 25. Rg7 Rxg7 26. Nxg7 h2 27. Nf5 Bg1 28. Ke2 Rf8 29. Kf3 Rd8 30. Ke2 Rg8 31. Kf3 Kc7 32. Ng3 Rf8+ 33. Nf5 a5 34. Ke2 a4 35. a3 b5 36. Kd3 Rg8 37. Kc3 Rg2 38. Nh4 Rg3+ 39. Kb4 Kb6 40. Nf5 Bc5# 0-1


[Site "https://www.chess.com"]

[Event "Titled Tuesday Blitz April 25 Late 2023"]
[White "Adla, Diego"]
[Black "Degtiarev, Evgeny"]
[WhiteFideId "100072"]
[BlackFideId "4149610"]
[WhiteElo "2377"]
[BlackElo "2284"]
[Result "1-0"]
[Round "02"]
[TimeControl "180+2"]
[Date "2023.04.25"]
[WhiteClock "0:00:51"]
[BlackClock "0:00:01"]

1. c4 e5 2. Nc3 Nf6 3. Nf3 Nc6 4. g3 Bb4 5. Bg2 O-O 6. O-O Re8 7. Ne1 e4 8. Nd5 Bf8 9. d3 exd3 10. Nxd3 h6 11. b3 d6 12. Nxf6+ Qxf6 13. Bb2 Qd8 14. Nf4 Bf5 15. Qd2 Qd7 16. Rfe1 Be4 17. f3 Bf5 18. e4 Be6 19. Rad1 Rad8 20. h4 a5 21. Kh2 b6 22. Re3 Nb4 23. Bc3 Na6 24. Bh3 Bxh3 25. Nxh3 Nc5 26. Nf4 Qc6 27. Nd5 Ne6 28. Rde1 a4 29. f4 axb3 30. axb3 Nc5 31. Qc2 Qd7 32. f5 c6 33. Nf4 Qc7 34. b4 Nd7 35. Nh5 Ne5 36. Bxe5 dxe5 37. Rd3 Rxd3 38. Qxd3 Bxb4 39. Rd1 Bc5 40. Qf3 Kh7 41. Qg4 Bf8 42. f6 g6 43. Rd7 gxh5 44. Qf5+ 1-0


[Site "https://www.chess.com"]

[Event "Titled Tuesday Blitz April 25 Late 2023"]
[White "Moral Garcia, Serafin"]
[Black "Barria Santos, Jose Guilherme"]
[WhiteFideId "2201925"]
[BlackFideId "1939300"]
[WhiteElo "2274"]
[BlackElo "2266"]
[Result "0-1"]
[Round "02"]
[TimeControl "180+2"]
[Date "2023.04.25"]
[WhiteClock "0:00:13"]
[BlackClock "0:00:12"]

1. c4 c5 2. Nc3 d6 3. g3 Nc6 4. Bg2 g6 5. a3 Bg7 6. Rb1 Qd7 7. b4 Rb8 8. e3 Ne5 9. Qe2 b6 10. f4 Nc6 11. Nf3 Bb7 12. O-O e6 13. Ne1 Nge7 14. Nc2 O-O 15. Bb2 d5 16. d3 Rfd8 17. Rbd1 d4 18. Ne4 cxb4 19. axb4 dxe3 20. Bxg7 Kxg7 21. Qxe3 Nf5 22. Qc1 Ncd4 23. Rfe1 Nxc2 24. Qxc2 Qd4+ 25. Qf2 a6 26. g4 Qxf2+ 27. Kxf2 Nd4 28. Rd2 h6 29. h3 Nb3 30. Rdd1 a5 31. bxa5 bxa5 32. Nc3 Bxg2 33. Kxg2 Nd4 34. Rb1 Rb3 35. Rxb3 Nxb3 36. Rd1 Nc5 37. d4 Nb3 38. d5 exd5 39. cxd5 Kf8 40. Kf3 Ke7 41. Ke3 Rc8 42. Ne4 a4 43. d6+ Kd8 44. Nd2 Rc3+ 45. Ke4 f5+ 46. gxf5 gxf5+ 47. Kxf5 Rd3 48. Rg1 Nxd2 49. Ke6 Re3+ 50. Kd5 a3 51. Rg8+ Kd7 52. Rg7+ Ke8 53. Rg8+ Kf7 54. Ra8 Rd3+ 55. Kc6 Rc3+ 56. Kd5 Rd3+ 57. Kc6 Nc4 58. d7 Rxd7 59. Ra4 Rd4 60. f5 Kf6 61. Kc5 Rh4 62. Kb5 Nd6+ 63. Ka5 Rxa4+ 64. Kxa4 a2 65. Kb4 a1=Q 66. Kc5 Qe5+ 0-1


[Site "https://www.chess.com"]

[Event "Titled Tuesday Blitz April 25 Late 2023"]
[White "Deac, Bogdan-Daniel"]
[Black "Fernandez, Maria Florencia"]
[WhiteFideId "1226380"]
[BlackFideId "116459"]
[WhiteElo "2649"]
[BlackElo "2120"]
[Result "1-0"]
[Round "02"]
[TimeControl "180+2"]
[Date "2023.04.25"]
[WhiteClock "0:01:30"]
[BlackClock "0:00:01"]

1. b3 e5 2. Bb2 d6 3. e3 Nf6 4. Ne2 g6 5. f4 Bg7 6. fxe5 dxe5 7. Ng3 Nbd7 8. Bc4 O-O 9. O-O c6 10. a4 Nb6 11. Bxe5 Nxc4 12. bxc4 Be6 13. Qf3 Ng4 14. Bxg7 Kxg7 15. d3 f5 16. h3 Ne5 17. Qf4 Nf7 18. Nd2 Qa5 19. Nf3 Qc3 20. Nd4 Rae8 21. a5 Bc8 22. Qf2 c5 23. Nb3 Qe5 24. Rae1 Qc7 25. e4 f4 26. Qxf4 Ne5 27. Qe3 b6 28. axb6 axb6 29. Ne2 Qd6 30. Nc3 Nc6 31. Nd5 Rxf1+ 32. Rxf1 Rf8 33. Rxf8 Qxf8 34. Nxb6 Bb7 35. Nxc5 Qe7 36. d4 Nb4 37. c3 Na6 38. Nxb7 1-0


[Site "https://www.chess.com"]

[Event "Titled Tuesday Blitz April 25 Late 2023"]
[White "Durarbayli, Vasif"]
[Black "Gutkin, Ilya"]
[WhiteFideId "13402935"]
[BlackFideId "16203470"]
[WhiteElo "2551"]
[BlackElo "2265"]
[Result "1-0"]
[Round "02"]
[TimeControl "180+2"]
[Date "2023.04.25"]
[WhiteClock "0:00:09"]
[BlackClock "0:00:03"]

1. e4 e6 2. d4 d5 3. e5 c5 4. c3 Nc6 5. Nf3 Nh6 6. Bd3 Nf5 7. O-O cxd4 8. Bxf5 exf5 9. Nxd4 Be6 10. Nd2 Be7 11. N2f3 O-O 12. Qd3 Qd7 13. Bg5 Bc5 14. Rfe1 h6 15. Be3 Be7 16. Rad1 Rfe8 17. Nxe6 fxe6 18. c4 Qc8 19. a3 Rd8 20. cxd5 Rxd5 21. Qc4 Nxe5 22. Nxe5 Rxe5 23. Qb3 Bf6 24. h3 a6 25. Rd6 Rb5 26. Qd3 Rxb2 27. Rc1 Qe8 28. Qc4 Kf7 29. Bd4 Bxd4 30. Qxd4 Rb5 31. Rc7+ Kg6 32. Rxg7+ Kh5 33. g4+ Kh4 34. gxf5+ Kxh3 35. Qg4# 1-0


[Site "https://www.chess.com"]

[Event "Titled Tuesday Blitz April 25 Late 2023"]
[White "Babazada, Khazar"]
[Black "Melikhov, Evgeny V."]
[WhiteFideId "13413554"]
[BlackFideId "4122046"]
[WhiteElo "2351"]
[BlackElo "2158"]
[Result "1-0"]
[Round "02"]
[TimeControl "180+2"]
[Date "2023.04.25"]
[WhiteClock "0:01:56"]
[BlackClock "0:00:01"]

1. e4 e5 2. Nf3 Nc6 3. Bb5 a6 4. Ba4 Nf6 5. d4 exd4 6. O-O d6 7. Nxd4 Bd7 8. Nc3 Be7 9. Nf5 O-O 10. Nxe7+ Qxe7 11. Bg5 Qe5 12. Bxf6 Qxf6 13. Nd5 Qd8 14. c3 Ne7 15. Bxd7 Qxd7 16. Ne3 Qe6 17. Qd3 Rad8 18. Rae1 d5 19. exd5 Nxd5 20. Nc4 Nf4 21. Rxe6 Nxd3 22. Re7 b5 23. Ne3 Nxb2 24. Rxc7 Rc8 25. Ra7 Nc4 26. Nd5 Ra8 27. Ne7+ Kh8 28. Rxa8 Rxa8 29. Rd1 g6 30. Rd7 Kg7 31. g3 Re8 32. Ra7 a5 33. h4 h5 34. Nc6 b4 35. cxb4 axb4 36. Nxb4 Re2 37. Nd3 Rd2 38. Nc5 Ne5 39. Ne6+ Kf6 40. Ng5 Rd1+ 41. Kg2 Ra1 42. f4 Kf5 43. fxe5 1-0


[Site "https://www.chess.com"]

[Event "Titled Tuesday Blitz April 25 Late 2023"]
[White "Figorito, Nick"]
[Black "Bartel, Mateusz"]
[WhiteFideId "30923689"]
[BlackFideId "1112635"]
[WhiteElo "2036"]
[BlackElo "2521"]
[Result "0-1"]
[Round "02"]
[TimeControl "180+2"]
[Date "2023.04.25"]
[WhiteClock "0:00:12"]
[BlackClock "0:00:14"]

1. Nf3 c5 2. g3 Nc6 3. d4 cxd4 4. Nxd4 h5 5. h4 g6 6. Bg2 Bg7 7. Nxc6 dxc6 8. Qxd8+ Kxd8 9. c4 e5 10. Nc3 Be6 11. b3 Kc7 12. Bb2 f5 13. O-O Rd8 14. Rfd1 Nf6 15. Na4 Nd7 16. Rd2 Nb6 17. Rxd8 Rxd8 18. Nc5 Bf7 19. Nd3 Nd7 20. f4 Re8 21. Rd1 Bf6 22. e3 a5 23. Kf2 e4 24. Bxf6 Nxf6 25. Ne5 Ng4+ 26. Nxg4 hxg4 27. Ke1 a4 28. Kd2 axb3 29. axb3 Ra8 30. Rc1 Ra2+ 31. Rc2 Ra3 32. Kc3 Ra1 33. Re2 c5 34. Kb2 Rg1 35. Kc3 Be6 36. Kb2 Bd7 37. Kc3 Bc6 38. Kb2 b5 39. Kc3 Kb6 40. Kb2 Rd1 41. Kc2 Rd3 42. Bf1 bxc4 43. bxc4 Ba4+ 44. Kb1 Ka5 45. Ka2 Bb3+ 46. Kb2 Kb4 47. Rh2 Rxe3 48. h5 gxh5 49. Rxh5 Rf3 50. Rxf5 Rf2+ 51. Kc1 Rxf1+ 52. Kd2 Rf3 53. Re5 Rxg3 54. Rxe4 Rf3 55. f5 g3 56. Rg4 Bxc4 57. f6 Kb5 58. Rg7 Bd5 59. Kc2 Rf2+ 60. Kc3 g2 61. f7 Bxf7 62. Rg3 Bd5 63. Rg5 Be4 64. Rg4 Bf3 65. Rg3 Rf1 66. Rg5 g1=Q 67. Rxg1 Rxg1 68. Kd2 Bd5 69. Ke3 Rg3+ 70. Kd2 Rf3 71. Kc2 Kb4 72. Kd2 c4 73. Kc2 Be4+ 74. Kc1 Rb3 75. Kd2 Rd3+ 76. Kc2 Rd4+ 77. Kb2 Rd2+ 78. Kc1 Rc2+ 79. Kb1 Kb3 80. Ka1 Rc1# 0-1


[Site "https://www.chess.com"]

[Event "Titled Tuesday Blitz April 25 Late 2023"]
[White "Bitoon, Richard"]
[Black "Mickiewicz, Piotr"]
[WhiteFideId "5201110"]
[BlackFideId "1114891"]
[WhiteElo "2374"]
[BlackElo "2246"]
[Result "1-0"]
[Round "02"]
[TimeControl "180+2"]
[Date "2023.04.25"]
[WhiteClock "0:02:50"]
[BlackClock "0:00:12"]

1. e4 e5 2. Nf3 Nf6 3. Nxe5 d6 4. Nf3 Nxe4 5. d3 Nf6 6. d4 d5 7. Bd3 Bd6 8. Qe2+ Be6 9. Ng5 Qe7 10. Nxe6 fxe6 11. f4 c5 12. dxc5 Bxc5 13. Nd2 Nc6 14. Nf3 O-O 15. Bd2 Ng4 16. Bxh7+ Kxh7 17. Ng5+ Qxg5 18. fxg5 Bf2+ 19. Kd1 Nge5 20. Qh5+ Kg8 21. g6 Rfd8 22. Rf1 1-0


[Site "https://www.chess.com"]

[Event "Titled Tuesday Blitz April 25 Late 2023"]
[White "Klukin, Kirill"]
[Black "Papp, Petra"]
[WhiteFideId "24199273"]
[BlackFideId "739049"]
[WhiteElo "2344"]
[BlackElo "2259"]
[Result "1-0"]
[Round "02"]
[TimeControl "180+2"]
[Date "2023.04.25"]
[WhiteClock "0:00:34"]
[BlackClock "0:00:02"]

1. f4 d5 2. Nf3 Nf6 3. g3 g6 4. Bg2 Bg7 5. O-O O-O 6. d3 c5 7. Nc3 d4 8. Na4 Qc7 9. c4 Nbd7 10. a3 Nb6 11. b4 Nxa4 12. Qxa4 Bd7 13. Qc2 Ng4 14. Rb1 b6 15. h3 Ne3 16. Bxe3 dxe3 17. Qc1 Bd4 18. bxc5 bxc5 19. Nxd4 cxd4 20. Qb2 Rad8 21. Qxd4 Bxh3 22. Qxe3 Bxg2 23. Kxg2 a5 24. Rb5 e6 25. Rfb1 Rfe8 26. Rb7 Qd6 27. Qa7 Rf8 28. Qxa5 h6 29. R1b3 Rde8 30. Qe5 Qc6+ 31. Qe4 Qd6 32. R7b6 Qc7 33. R6b5 h5 34. a4 Ra8 35. R3b4 Ra6 36. Rb7 Qd6 37. Qe3 Rfa8 38. R7b6 Rxb6 39. Rxb6 Qd7 40. Qe5 Qxa4 41. Rb8+ Rxb8 42. Qxb8+ Kg7 43. Qe5+ Kg8 44. Qe4 Qc2 45. Qa8+ Kg7 46. Qf3 Qc3 47. Qe3 Kg8 48. Kf2 Qc2 49. c5 Kg7 50. d4 f6 51. Qxe6 Qc3 52. Qe7+ Kh6 53. Qf8+ Kh7 54. Qxf6 h4 55. Qxh4+ Kg7 56. Qe7+ Kh6 57. Qg5+ Kg7 58. Qe5+ Kh7 59. Qe3 Qc2 60. d5 Qd1 61. d6 Qh1 62. Qe7+ Kh6 63. Qh4+ 1-0


[Site "https://www.chess.com"]

[Event "Titled Tuesday Blitz April 25 Late 2023"]
[White "Lima, Kleyton Alcantara"]
[Black "Cheparinov, Ivan"]
[WhiteFideId "22718397"]
[BlackFideId "2905540"]
[WhiteElo "2009"]
[BlackElo "2613"]
[Result "0-1"]
[Round "02"]
[TimeControl "180+2"]
[Date "2023.04.25"]
[WhiteClock "0:00:51"]
[BlackClock "0:01:09"]

1. e4 c5 2. Nf3 e6 3. d4 cxd4 4. Nxd4 Nf6 5. Nc3 Nc6 6. Ndb5 Bb4 7. a3 Bxc3+ 8. Nxc3 d5 9. exd5 exd5 10. Bd3 O-O 11. O-O Bg4 12. f3 d4 13. fxg4 dxc3 14. bxc3 Ne5 15. g5 Qb6+ 16. Kh1 Nfg4 17. Qe2 Rae8 18. Bf4 Nxd3 19. Qxd3 Nf2+ 20. Rxf2 Qxf2 21. Bg3 Qe2 22. Qf5 Re6 23. h3 Qe4 24. Qf2 f5 25. Qxa7 f4 26. Bf2 f3 27. g3 Qxc2 28. Rf1 Qxc3 29. Qxb7 Qxa3 30. Qd5 Qa6 31. Re1 Re8 32. Rxe6 Qf1+ 0-1


[Site "https://www.chess.com"]

[Event "Titled Tuesday Blitz April 25 Late 2023"]
[White "Urbina Perez, Juan Antonio"]
[Black "Lamaze, Simon"]
[WhiteFideId "2217368"]
[BlackFideId "36069264"]
[WhiteElo "2197"]
[BlackElo "2272"]
[Result "0-1"]
[Round "02"]
[TimeControl "180+2"]
[Date "2023.04.25"]
[WhiteClock "0:01:00"]
[BlackClock "0:02:00"]

1. e4 c5 2. Nf3 d6 3. d4 cxd4 4. Nxd4 Nf6 5. Nc3 a6 6. Bg5 e6 7. f4 Be7 8. Qf3 h6 9. Bh4 g5 10. fxg5 Nfd7 11. O-O-O Ne5 12. Qh5 Bxg5+ 13. Bxg5 Qxg5+ 14. Qxg5 hxg5 15. Be2 Ke7 16. Nf3 Nxf3 17. Bxf3 Nc6 18. h3 Ne5 19. Be2 Bd7 20. Rdf1 Bc6 21. Bd3 Rh4 22. Re1 Rah8 23. Nd1 g4 24. Nf2 g3 25. Nd1 Rf4 26. Rhf1 Ng6 27. Ne3 Rxf1 28. Rxf1 Nh4 29. Rf4 Rh5 30. Rg4 b5 31. Rxg3 Ng6 32. Rf3 Ne5 33. Rf2 Rh4 34. a4 Bxe4 35. Bxe4 Rxe4 36. Kd2 Rxa4 37. Nd1 Rd4+ 38. Kc1 a5 39. c3 Re4 40. Rd2 d5 41. Nf2 Re1+ 42. Kc2 a4 43. Rd1 Re2+ 44. Rd2 Rxd2+ 45. Kxd2 Nc4+ 46. Kc1 e5 47. g4 Kf6 48. Nd3 Kg5 49. Kc2 Kh4 50. b3 axb3+ 51. Kxb3 Kxh3 52. g5 Kg4 53. Nb4 e4 54. Nxd5 Kxg5 55. Kc2 f5 56. Nc7 Nd6 57. Kd2 f4 58. Ne6+ Kg4 59. Nc5 Kf3 60. Ke1 e3 61. Kf1 Ne4 62. Nd3 Nxc3 63. Ke1 Ke4 64. Nc1 f3 65. Ne2 Nxe2 66. Kf1 b4 67. Ke1 b3 68. Kd1 b2 69. Kc2 f2 0-1


[Site "https://www.chess.com"]

[Event "Titled Tuesday Blitz April 25 Late 2023"]
[White "Aldokhin, Ivan"]
[Black "Harriott, Tyrell"]
[WhiteFideId "24115720"]
[BlackFideId "2086484"]
[WhiteElo "2322"]
[BlackElo "2107"]
[Result "1-0"]
[Round "02"]
[TimeControl "180+2"]
[Date "2023.04.25"]
[WhiteClock "0:00:09"]
[BlackClock "0:00:08"]

1. e4 e6 2. d4 d5 3. Nc3 f5 4. exf5 exf5 5. Bf4 Nf6 6. f3 Be7 7. Qd2 O-O 8. O-O-O Nh5 9. Be5 Nc6 10. f4 Nxe5 11. dxe5 Nxf4 12. Nf3 Ng6 13. Nxd5 c6 14. Nxe7+ Qxe7 15. Re1 Be6 16. h4 Bd5 17. h5 Nh8 18. h6 g6 19. Qf4 Bxa2 20. Bc4+ Bxc4 21. Qxc4+ Nf7 22. Nd4 Rae8 23. Rhf1 Kh8 24. Nf3 Nxh6 25. Rh1 Ng4 26. e6 Qf6 27. Qf4 Rxe6 28. Rxh7+ Kg8 29. Rxe6 Qxe6 30. Rxb7 Qa2 31. Qc7 Rf7 32. Qd8+ Kg7 33. Qd4+ Kg8 34. Rb8+ Rf8 35. Rxf8+ Kxf8 36. Ng5 Qa1+ 37. Kd2 Qa2 38. Qd6+ Ke8 39. Qxg6+ Kd7 40. Qxf5+ Kc7 41. Qxg4 Qd5+ 42. Kc1 Qa2 43. Qf4+ Kb7 44. Qd4 Qa1+ 45. Kd2 Qf1 46. Nf3 Qxg2+ 47. Ke3 Qxc2 48. Qb4+ Kc8 49. Qf8+ Kb7 50. Qg7+ Ka6 51. Qc3 Qg6 52. Ne5 Qh6+ 53. Kd3 Qh3+ 54. Kc4 Qf1+ 55. Kb3 Qd1+ 56. Ka2 Qd5+ 57. Ka1 Kb7 58. Nc4 Qd1+ 59. Ka2 Qa4+ 60. Na3 Qd1 61. Qb3+ Qxb3+ 62. Kxb3 Kb6 63. Ka4 Kc5 64. Nc2 Kc4 65. Ne3+ Kd3 66. Nf5 Kc2 67. b4 Kc3 68. Ne7 Kc4 69. Nxc6 Kd5 70. Nxa7 Kd6 71. Nb5+ Kc6 72. Nc3 Kb7 73. b5 Kb6 74. Kb4 Kb7 75. Nd5 Ka7 76. Kc5 Kb7 77. b6 Kb8 78. Kc6 Kc8 79. b7+ Kb8 80. Nc3 Ka7 81. Kc7 Ka6 82. b8=Q Ka5 83. Qb5# 1-0


[Site "https://www.chess.com"]

[Event "Titled Tuesday Blitz April 25 Late 2023"]
[White "Prohaszka, Peter"]
[Black "Dzida, Kamil"]
[WhiteFideId "726265"]
[BlackFideId "21828652"]
[WhiteElo "2626"]
[BlackElo "2139"]
[Result "1-0"]
[Round "02"]
[TimeControl "180+2"]
[Date "2023.04.25"]
[WhiteClock "0:00:09"]
[BlackClock "0:00:01"]

1. d4 Nf6 2. c3 e6 3. Nf3 b6 4. Bg5 Bb7 5. Nbd2 d5 6. e3 Be7 7. Bd3 Nbd7 8. Qb1 h6 9. Bh4 Bd6 10. a4 a5 11. e4 dxe4 12. Nxe4 Be7 13. O-O O-O 14. Re1 Nxe4 15. Bxe7 Nxc3 16. Bxd8 Nxb1 17. Bxc7 Bxf3 18. Raxb1 Bd5 19. Rbc1 Rfc8 20. Bb5 Ra7 21. Bd6 Rxc1 22. Rxc1 Nf6 23. Rc8+ Kh7 24. f3 Nh5 25. g4 Nf6 26. Bd3+ g6 27. Be5 Ng8 28. Kf2 f6 29. Bd6 Rd7 30. Ba3 Ne7 31. Re8 Nc6 32. h4 Nb4 33. Bxb4 axb4 34. h5 f5 35. hxg6+ Kxg6 36. gxf5+ exf5 37. Re5 Rd8 38. Bxf5+ Kg7 39. Ke3 Bb3 40. Be4 Bxa4 41. Re6 Re8 42. Rg6+ Kf7 43. Rxb6 Bc2 44. Rxh6 b3 45. Rb6 Rc8 46. d5 Ke7 47. Kd4 Kd7 48. Rb7+ Kd8 49. Rb6 Kd7 50. Rc6 1-0


[Site "https://www.chess.com"]

[Event "Titled Tuesday Blitz April 25 Late 2023"]
[White "Bashkansky, Ethan"]
[Black "Adewumi, Tanitoluwa"]
[WhiteFideId "2071533"]
[BlackFideId "30966396"]
[WhiteElo "2101"]
[BlackElo "2283"]
[Result "0-1"]
[Round "02"]
[TimeControl "180+2"]
[Date "2023.04.25"]
[WhiteClock "0:00:02"]
[BlackClock "0:00:06"]

1. d4 Nf6 2. c4 e6 3. Nc3 Bb4 4. Qc2 O-O 5. Nf3 c5 6. dxc5 Na6 7. Bd2 Nxc5 8. a3 Bxc3 9. Bxc3 d5 10. Bxf6 Qxf6 11. cxd5 b6 12. dxe6 Bxe6 13. Qc3 Qe7 14. e3 Rac8 15. Qb4 a5 16. Qh4 Qxh4 17. Nxh4 Nb3 18. Rb1 Rfd8 19. Ba6 Ra8 20. Bb5 Rac8 21. Ba4 Nd4 22. O-O Ne2+ 23. Kh1 Rc4 24. Bb5 Rxh4 25. Bxe2 Rd2 26. Rfd1 Rxd1+ 27. Rxd1 g6 28. g3 Re4 29. Rd6 Re5 30. Rxb6 Rc5 31. Kg2 Bd5+ 32. f3 Rc2 33. Kf1 Rc1+ 34. Kf2 Rc2 35. Rb8+ Kg7 36. Ke1 a4 37. h4 Bb3 38. Bd1 Rxb2 39. Bxb3 axb3 40. a4 Ra2 41. Rxb3 Rxa4 42. e4 Ra1+ 43. Kf2 Ra2+ 44. Ke3 Rg2 45. Rd3 Rxg3 46. Kf4 Rh3 47. Kg4 Rh1 48. Kg3 Rg1+ 49. Kf2 Rh1 50. Kg3 Ra1 51. Re3 h6 52. Rd3 Kf6 53. Re3 Ke5 54. Rc3 Rg1+ 55. Kf2 Rh1 56. Kg3 Ra1 57. Rc5+ Ke6 58. Rc6+ Kd7 59. Rb6 Ke7 60. Kg4 Rg1+ 61. Kf4 Kf8 62. Ke3 Rh1 63. e5 Rxh4 64. e6 f5 65. f4 Ke7 66. Rb7+ Kxe6 67. Rb6+ Kf7 68. Rb7+ Ke8 69. Rb6 Rg4 70. Rc6 h5 71. Rb6 h4 72. Kf3 Rg3+ 73. Kf2 Rg4 74. Kf3 h3 75. Rb2 Rh4 76. Rh2 Rh5 77. Kg3 Kf7 78. Rxh3 Rxh3+ 79. Kxh3 Kg7 80. Kg3 Kh7 81. Kh3 Kh6 82. Kh4 Kg7 83. Kg5 Kf7 84. Kh6 Kf6 85. Kh7 g5 86. fxg5+ Kxg5 87. Kg7 f4 0-1


[Site "https://www.chess.com"]

[Event "Titled Tuesday Blitz April 25 Late 2023"]
[White "Spata, German"]
[Black "Skaric, Djuro"]
[WhiteFideId "113026"]
[BlackFideId "934569"]
[WhiteElo "2238"]
[BlackElo "2282"]
[Result "1-0"]
[Round "02"]
[TimeControl "180+2"]
[Date "2023.04.25"]
[WhiteClock "0:01:14"]
[BlackClock "0:01:42"]

1. Nf3 d6 2. d4 g6 3. e3 Bg7 4. Be2 Nf6 5. O-O O-O 6. b3 Nc6 7. Bb2 Nd7 8. c4 e5 9. dxe5 Ndxe5 10. Nc3 h6 11. Qd2 a6 12. Rad1 Re8 13. h3 Bf5 14. Qc1 Qc8 15. Nxe5 dxe5 16. Nd5 Be6 17. Rd2 f5 18. Rfd1 g5 19. Bh5 Bf7 20. Bxf7+ Kxf7 21. Nxc7 Qxc7 22. Rd7+ Re7 23. Rxc7 Rxc7 24. Qc2 Ne7 25. Ba3 e4 26. g4 Re8 27. Bxe7 Rexe7 28. gxf5 Rc5 29. Rd5 Rc6 30. Qd2 Bf6 31. Rd7 Rc5 32. Qd6 Rxf5 33. Rxe7+ Bxe7 34. Qd7 Rf3 35. Qxb7 Rxh3 36. Qxe4 Rh4 37. Qd5+ Kg7 38. c5 Rg4+ 39. Kf1 h5 40. c6 1-0


[Site "https://www.chess.com"]

[Event "Titled Tuesday Blitz April 25 Late 2023"]
[White "Olsson, William"]
[Black "Lewtak, Damian"]
[WhiteFideId "1741721"]
[BlackFideId "1141724"]
[WhiteElo "2197"]
[BlackElo "2302"]
[Result "1-0"]
[Round "02"]
[TimeControl "180+2"]
[Date "2023.04.25"]
[WhiteClock "0:00:04"]
[BlackClock "0:00:04"]

1. c4 Nf6 2. g3 e6 3. Bg2 c5 4. Nf3 b6 5. Ne5 d5 6. cxd5 exd5 7. d4 Nbd7 8. O-O c4 9. Nxc4 Be7 10. Nc3 Bb7 11. Bf4 O-O 12. Ne3 Nb8 13. Be5 Ne4 14. Nexd5 Nxc3 15. Nxc3 Bxg2 16. Kxg2 Nc6 17. e4 f6 18. Bf4 Nxd4 19. Nd5 Nc6 20. Rc1 Bc5 21. Nc7 Rc8 22. Qb3+ Kh8 23. Ne6 Nd4 24. Nxd4 Qxd4 25. f3 a5 26. Rcd1 Qb4 27. Qxb4 axb4 28. b3 Ra8 29. Rd2 g5 30. Bc7 Rfc8 31. Bd6 Rd8 32. Rfd1 Bxd6 33. Rxd6 Rxa2+ 34. Kh3 Rxd6 35. Rxd6 Rb2 36. Rxb6 Rxb3 37. Rxf6 Re3 38. Kg4 Kg7 39. Rb6 b3 40. Rb7+ Kg6 41. Rb6+ Kg7 42. h4 1-0


[Site "https://www.chess.com"]

[Event "Titled Tuesday Blitz April 25 Late 2023"]
[White "Alexikov, Alexander"]
[Black "Filgueira, Hernan"]
[WhiteFideId "14103958"]
[BlackFideId "101770"]
[WhiteElo "2186"]
[BlackElo "2363"]
[Result "1/2-1/2"]
[Round "02"]
[TimeControl "180+2"]
[Date "2023.04.25"]
[WhiteClock "0:00:45"]
[BlackClock "0:01:03"]

1. e4 c5 2. Nf3 e6 3. Nc3 a6 4. d4 cxd4 5. Nxd4 Qc7 6. Bd3 Nf6 7. Qe2 Bd6 8. g3 Be5 9. Be3 Nc6 10. Nxc6 Qxc6 11. Bd2 d6 12. a4 h5 13. h3 Bd7 14. O-O Bd4 15. Kh2 e5 16. Nd1 Qc8 17. c3 Ba7 18. h4 Bc6 19. f3 Qe6 20. Ne3 Bxe3 21. Bxe3 Bd7 22. Kg1 Bc6 23. Bc4 Qh3 24. Qg2 Qxg2+ 25. Kxg2 d5 26. exd5 Nxd5 27. Rfe1 O-O-O 28. Bc5 f6 29. Kf2 Rhe8 30. a5 f5 31. Rad1 e4 32. f4 Nf6 33. Ke2 Bb5 34. Bxb5 axb5 35. Rxd8+ Rxd8 36. Be7 Rd3 37. Bxf6 gxf6 38. Kf2 Kc7 39. Re3 Rd2+ 40. Re2 Rd3 41. Re3 Rd1 42. Re1 Rd3 43. Re3 1/2-1/2


[Site "https://www.chess.com"]

[Event "Titled Tuesday Blitz April 25 Late 2023"]
[White "Banzea, Alexandru-Bogdan"]
[Black "Senft, Sean"]
[WhiteFideId "1232622"]
[BlackFideId "2044960"]
[WhiteElo "2294"]
[BlackElo "1989"]
[Result "1-0"]
[Round "02"]
[TimeControl "180+2"]
[Date "2023.04.25"]
[WhiteClock "0:00:04"]
[BlackClock "0:00:21"]

1. d4 d5 2. Nf3 c6 3. Bf4 Nf6 4. e3 Qb6 5. Qc1 Bf5 6. c4 e6 7. c5 Qa5+ 8. Nc3 Ne4 9. Be2 Nd7 10. O-O Ndf6 11. Ne5 Nxc3 12. bxc3 Ne4 13. c4 f6 14. Nf3 g5 15. Bg3 h5 16. Qb2 Nxg3 17. fxg3 Qc7 18. Rf2 h4 19. gxh4 g4 20. Nd2 g3 21. hxg3 Qxg3 22. Qxb7 Rd8 23. Qxc6+ Kf7 24. Nf3 Bh6 25. Ng5+ fxg5 26. Bh5+ Kf6 27. Rxf5+ Kxf5 28. Rf1+ Ke4 29. Qxe6+ Kd3 30. Qf5+ Kc3 31. Rc1+ Kb4 32. Qb1+ Ka5 33. Qb5# 1-0


[Site "https://www.chess.com"]

[Event "Titled Tuesday Blitz April 25 Late 2023"]
[White "Hoffmann, Asa"]
[Black "Atanasov, Anthony"]
[WhiteFideId "2001470"]
[BlackFideId "2623897"]
[WhiteElo "2117"]
[BlackElo "2326"]
[Result "0-1"]
[Round "02"]
[TimeControl "180+2"]
[Date "2023.04.25"]
[WhiteClock "0:00:29"]
[BlackClock "0:00:06"]

1. d4 Nf6 2. Bg5 Ne4 3. Bf4 Nc6 4. f3 Nf6 5. e4 d5 6. e5 Nh5 7. Be3 e6 8. g3 f5 9. f4 g6 10. Be2 Ng7 11. Nf3 Be7 12. c4 dxc4 13. Bxc4 Na5 14. Be2 b6 15. Nc3 Bb7 16. Rc1 c5 17. Bb5+ Kf7 18. dxc5 Qxd1+ 19. Nxd1 Bxf3 20. O-O Bxd1 21. Rfxd1 bxc5 22. Bxc5 Rhd8 23. Rxd8 Bxd8 24. b4 Nb7 25. Bc6 Nxc5 26. Bxa8 Nd3 27. Rc4 Bb6+ 28. Kf1 Ke7 29. a4 Nb2 30. Rc2 Nd1 31. Ke2 Ne3 32. Rc6 Nd5 33. b5 Ne8 34. Rc8 Ndc7 35. Bc6 h6 36. h3 Ba5 37. g4 h5 38. gxh5 gxh5 39. Kf3 h4 40. Ke3 Bb6+ 41. Kd3 Ba5 42. Kc4 Ng7 43. Rh8 Bb6 44. Rxh4 Bf2 45. Rh7 Kf7 46. h4 Be3 47. h5 Kg8 48. Rh6 Bxf4 49. Rg6 Bxe5 50. h6 Kf7 51. hxg7 Bxg7 52. Rg2 Bf8 53. a5 Bd6 54. b6 axb6 55. axb6 Na6 56. Bb5 Nb8 57. Rd2 Ke7 58. Rg2 Kf6 59. Rg8 Kf7 60. Rc8 Ke7 61. Rc7+ Bxc7 62. bxc7 Nd7 63. Bxd7 Kxd7 64. Kd4 Kxc7 65. Ke5 Kd7 66. Kf4 Kd6 0-1


[Site "https://www.chess.com"]